 Dungeon Crawl Stone Soup version 0.28-a0-2-g643f2454ad (webtiles) character file.

Game seed: 3338803033423594392

258 siradein the Grave Robber (level 5, -4/35 HPs)
             Began as a Demonspawn Necromancer on July 22, 2021.
             Slain by an orc (6 damage)
             ... on level 5 of the Dungeon.
             The game lasted 00:09:39 (3158 turns).

siradein the Grave Robber (Demonspawn Necromancer)  Turns: 3158, Time: 00:09:40

Health: -4/35      AC:  2    Str:  8    XL:     5   Next: 94%
Magic:  1/11       EV: 12    Int: 17    God:
Gold:   118        SH:  0    Dex: 14    Spells: 3/12 levels left

rFire   . . .      SeeInvis .   j - +1 hand axe (flame)
rCold   . . .      Faith    .   (no shield)
rNeg    . . .      Spirit   .   a - +0 robe
rPois   .          Reflect  .   (helmet restricted)
rElec   .          Harm     .   (no cloak)
rCorr   +          Rampage  .   (no gloves)
Will    .....                   (no boots)
Stlth   ++........              (no amulet)
HPRegen 0.11/turn               d - ring of resist corrosion
MPRegen 0.12/turn               (no ring)

@: no status effects
A: antennae 2, powered by pain 1
a: no special abilities


You were on level 5 of the Dungeon.
You visited 1 branch of the dungeon, and saw 5 of its levels.

You collected 118 gold pieces.

Inventory:

Hand Weapons
 j - a +1 hand axe of flaming (weapon)
Missiles
 g - 6 atropa-tipped darts
Armour
 a - a +0 robe (worn)
Jewellery
 d - a ring of resist corrosion (left hand)
Wands
 i - a wand of charming (3)
Scrolls
 b - a scroll of blinking {unknown}
 c - a scroll of noise {unknown}
 e - 2 scrolls of identify {unknown}
 f - a scroll of immolation {unknown}
 m - a scroll of fear {unknown}
 p - a scroll of silence {unknown}
Potions
 h - a potion of flight {unknown}
 k - a potion of resistance {unknown}
 l - a potion of mutation {unknown}
 n - a potion of curing {unknown}
 o - 2 potions of brilliance {unknown}


   Skills:
 - Level 1.7 Dodging
 - Level 1.7 Stealth
 + Level 4.3 Spellcasting
 + Level 6.4 Necromancy


You had 3 spell levels left.
You knew the following spells:

 Your Spells              Type           Power      Damage    Failure   Level
a - Pain                  Necr           100%       1d9       1%          1
b - Animate Skeleton      Necr           50%        N/A       1%          1
c - Vampiric Draining     Necr           12%        2d7       3%          3
d - Animate Dead          Necr           12%        N/A       11%         4

Your spell library contained the following spells:

 Spells                   Type           Power      Damage    Failure   Level
 Poisonous Vapours        Pois/Air       6%         N/A       24%         2
 Mephitic Cloud           Conj/Pois/Air  3%         N/A       43%         3
 Agony                    Necr           25%        N/A       30%         5
 Freezing Cloud           Conj/Ice/Air   1%         6-21      99%         5


Dungeon Overview and Level Annotations

Branches:
Dungeon (4/15)
 Temple: D:4-7

Altars:


Innate Abilities, Weirdness & Mutations

You have a pair of antennae on your head.
You sometimes gain a little power by taking damage.


Message History

The orc wizard writhes in agony.
The orc wizard completely misses you.
Aiming: Pain (safe; 1% risk of failure)
Press: ? - help, Q - select action, (/) - cycle Shift-Dir - straight line, f/p - orc wizard
Aim: an orc wizard, wielding a +0 dagger and wearing a +0 robe (heavily wounded, chance to affect: 84%)
The orc wizard writhes in agony.
The orc wizard misses you.
Aiming: Pain (safe; 1% risk of failure)
Press: ? - help, Q - select action, (/) - cycle Shift-Dir - straight line, f/p - orc wizard
Aim: an orc wizard, wielding a +0 dagger and wearing a +0 robe (almost dead, chance to affect: 84%)
The orc wizard writhes in agony.
You kill the orc wizard!
Casting: Pain (safe; 1% risk of failure)
Confirm with . or Enter, or press ? or * to list all spells.
Aiming: Vampiric Draining (dangerous; 3% risk of failure)
Press: ? - help, Shift-Dir - straight line, f - orc
Aim: an orc, wielding a +0 mace and wearing a +2 chain mail of fire resistance You draw life force from the orc.
You feel life coursing into your body. The orc barely misses you.
You hit the orc but do no damage.
The orc is severely wounded.
The orc closely misses you. The orc barely misses you.
You hit the orc.
The orc is almost dead.
The orc closely misses you.
You closely miss the orc.
The orc is almost dead.
The orc hits you with a +0 mace.
* * * LOW HITPOINT WARNING * * *
You see here 13 gold pieces.
You hit the orc but do no damage.
The orc is almost dead.
The orc hits you with a +0 mace.
* * * LOW HITPOINT WARNING * * *
The orc hits you with a +0 mace.
* * * LOW HITPOINT WARNING * * *
You barely miss the orc.
The orc is almost dead.
The orc hits you with a +0 mace.
You die...

..... ...
#)# { #.#
#.# #.#
#$# ###
#o###.....
#.@......#
########..


You could see an orc.

Vanquished Creatures
  A jelly (D:3)
  An orc priest (D:5)
  Natasha (thrice) (D:3)
  An orc wizard (D:5)
  5 adders
  4 orcs (D:3)
  4 endoplasms
  5 giant cockroaches
  5 goblins
  2 hobgoblins
  6 kobolds
  3 quokkas
  7 ball pythons
  6 bats
  3 frilled lizards
  A rat (D:1)
57 creatures vanquished.

Notes
Turn   | Place    | Note
-------+----------+-------------------------------------------
     0 | D:1      | siradein the Demonspawn Necromancer began the quest for the
                  | Orb.
     0 | D:1      | Reached XP level 1. HP: 13/13 MP: 3/3
   496 | D:1      | Gained mutation: You sometimes gain a little power by
                  | taking damage. [demonic ancestry]
   496 | D:1      | Reached XP level 2. HP: 15/19 MP: 0/5
  1050 | D:1      | Found a faded altar of an unknown god.
  1131 | D:2      | Reached skill level 5 in Necromancy
  1131 | D:2      | Gained mutation: You have a pair of small antennae on your
                  | head. [demonic ancestry]
  1131 | D:2      | Reached XP level 3. HP: 12/24 MP: 1/7
  1697 | D:2      | Gained mutation: You have a pair of antennae on your head.
                  | [demonic ancestry]
  1697 | D:2      | Reached XP level 4. HP: 28/30 MP: 6/8
  2104 | D:3      | Noticed Natasha
  2108 | D:3      | Killed Natasha
  2182 | D:3      | Reached XP level 5. HP: 30/35 MP: 5/10
  2241 | D:3      | Learned a level 1 spell: Animate Skeleton
  2245 | D:3      | Learned a level 3 spell: Vampiric Draining
  2250 | D:3      | Learned a level 4 spell: Animate Dead
  2401 | D:3      | Noticed Natasha
  2405 | D:3      | Killed Natasha
  2406 | D:3      | Reached skill level 6 in Necromancy
  2873 | D:3      | Noticed Natasha
  2879 | D:3      | Killed Natasha
  3137 | D:4      | You fall into a shaft and drop 1 floor!
  3137 | D:5      | Entered Level 5 of the Dungeon
  3158 | D:5      | Slain by an orc

Illustrated notes

Levels and vault maps discovered:
D:1:      dpeg_arrival_long_road, layout_rooms,
          shapermc_ecumenical_altar_hornbeckon, hangedman_glass_teeth
D:2:      layout_rooms
D:3:      layout_basic, eino_curves_01, minmay_puff, uniq_natasha
D:4:      layout_basic, mainiacjoe_overflow_six_doors_small,
          jmf_multi_god_temple2, serial_shops, nicolae_shop_window_shopping,
          dk_rats_in_the_wall, uniq_menkaure, uniq_grinder
D:5:      layout_loops_ring

Skill      XL: |  1  2  3  4  5 |
---------------+----------------+-----
Necromancy     | 5 6 |  6.4
Spellcasting   | 3 4 |  4.3
Dodging        | |  1.7
Stealth        | |  1.7

Action                   |  1- 3 |  4- 6 || total
-------------------------+-------+-------++-------
Melee: Unarmed           |    17 |       ||    17
       Hand axe          |       |     5 ||     5
 Cast: Pain              |    60 |    56 ||   116
       Vampiric Draining |       |     1 ||     1
Armor: Robe              |     3 |     3 ||     6
Dodge: Dodged            |    22 |    10 ||    32

Table legend: (Time is in decaauts)
 A = Elapsed time spent in this place.
 B = Non-inter-level travel time spent in this place.
 C = Inter-level travel time spent in this place.
 D = Time resting spent in this place.
 E = Time spent auto-exploring this place.
 F = Levels seen in this place.
 G = Mean time per level.
                   A        B        C        D        E       F      G
               +--------+--------+--------+--------+--------+-----+--------+
         Total |   3162 |   3093 |     69 |      0 |   2737 |   5 |  632.4 |
       Dungeon |   3162 |   3093 |     69 |      0 |   2737 |   5 |  632.4 |
               +--------+--------+--------+--------+--------+-----+--------+

Top non-repeatable levels by time:
     D:3: 1222 daAuts
     D:1: 1105 daAuts
     D:2: 808 daAuts
     D:5: 21 daAuts
     D:4: 2 daAuts
